 Dungeon Crawl Stone Soup version 0.27-a0-920-gb2bd10914a (webtiles) character file.

Game seed: 5036820870966120613

131 Lanoc the Skirmisher (level 4, 0/49 (60) HPs)
             Began as a Draconian Abyssal Knight on Apr 9, 2021.
             Was a Follower of Lugonu.
             Slain by a wight
             ... wielding a +1 spear of freezing
              (1 damage)
             ... on level 3 of the Dungeon.
             The game lasted 00:03:52 (3036 turns).

Lanoc the Skirmisher (Draconian Abyssal Knight)     Turns: 3036, Time: 00:03:53

HP:   0/49 (60)     AC: 22    Str: 15    XL:     4   Next: 91%
MP:   6/6           EV:  2    Int: 12    God:    Lugonu [*.....]
Gold: 101           SH:  7    Dex: 11    Spells: 3/3 levels left

rFire    . . .     SeeInvis .   a - +1 spear
rCold    . . .     Faith    .   h - +0 kite shield
rNeg     + + +     Spirit   .   (armour unavailable)
rPois    +         Reflect  .   (helmet currently unavailable)
rElec    .         Harm     .   (cloak currently unavailable)
rCorr    .         Rampage  .   (gloves currently unavailable)
Will     .....     NoTele   +   (boots currently unavailable)
Stlth    +.........             (no amulet)
HPRegen  0.16/turn              (no ring)
MPRegen  0.10/turn              (no ring)

@: tree-form, heavily drained
A: stationary, stasis, torment immunity, boosted hp, AC +5, unfitting armour,
(cold-blooded)
a: Renounce Religion, Depart the Abyss


You were on level 3 of the Dungeon.
You worshipped Lugonu.
Lugonu was aware of your devotion.
You were a tree.
You visited 1 branch of the dungeon, and saw 3 of its levels.
You visited the Abyss 1 time.

You collected 101 gold pieces.

Inventory:

Hand Weapons
 a - a +1 spear (weapon)
Armour
 h - a +0 kite shield (worn)
Scrolls
 b - a scroll of immolation {unknown}
 c - a scroll of magic mapping {unknown}
 f - a scroll of teleportation {unknown}
 g - a scroll of identify {unknown}
 j - a scroll of blinking {unknown}
 k - a scroll of noise {unknown}
 l - a scroll of fear {unknown}


   Skills:
 + Level 4.0 Fighting
 + Level 2.8 Polearms
 + Level 2.7 Dodging
 + Level 1.2 Shields
 * Level 3.5 Invocations


You had 3 spell levels left.
You didn't know any spells.
Your spell library contained the following spells:

 Spells                   Type           Power      Damage    Failure   Level
 Animate Skeleton         Necr           0%         N/A       89%         1
 Apportation              Tloc           0%         N/A       89%         1
 Corona                   Hex            0%         N/A       89%         1
 Summon Small Mammal      Summ           0%         N/A       89%         1


Dungeon Overview and Level Annotations

Branches:
Dungeon (3/15)

Altars:

Shops:
D:3 *

Annotations:
D:3 Robin


Innate Abilities, Weirdness & Mutations

You are a tree.
Your roots penetrate the ground, keeping you stationary.
You cannot be teleported.
You are immune to unholy pain and torment.
Your maximum health is greatly increased.
Your equipment is partially melded.
((Your plain brown scales are hard. (AC +5)))
You cannot fit into any form of body armour.
((You are cold-blooded and may be slowed by cold attacks.))


Message History

The wight is moderately damaged.
The wight hits you with a +1 spear of freezing.
The wight freezes you.
You closely miss the wight.
The wight is moderately damaged.
You block the wight's attack.
The wight hits you with a +1 spear of freezing.
* * * LOW HITPOINT WARNING * * *
The wight freezes you.
* * * LOW HITPOINT WARNING * * *
You closely miss the wight.
The wight is moderately damaged.
The wight hits you with a +1 spear of freezing.
* * * LOW HITPOINT WARNING * * *
The wight freezes you.
* * * LOW HITPOINT WARNING * * *
You barely miss the wight.
The wight is moderately damaged.
The wight hits you but does no damage.
You hit the wight but do no damage.
The wight is moderately damaged.
The wight hits you but does no damage.
You hit the wight.
The wight is heavily damaged.
The wight barely misses you. The wight hits you but does no damage.
You hit the wight but do no damage.
The wight is heavily damaged.
The wight hits you but does no damage.
You hit the wight.
The wight is severely damaged.
The wight hits you with a +1 spear of freezing.
* * * LOW HITPOINT WARNING * * *
The wight freezes you.
* * * LOW HITPOINT WARNING * * *
You hit the wight but do no damage.
The wight is severely damaged.
The wight hits you with a +1 spear of freezing.
* * * LOW HITPOINT WARNING * * *
The wight freezes you.
You die...

#.# #.# #.# #.# #.#
#.# # #.# #
#####.#########.#.#
.......♣..#.......#
#####...z..)...####
#####....#.###
#.........#
#.......#.#
#......<..#
###...#..##
#...#..# ....##(...


You could see a wight.

Vanquished Creatures
  A wight (D:2)
  4 adders
  2 dart slugs (D:2)
  4 bats
  6 endoplasms
  A giant cockroach (D:1)
  6 goblins
  6 hobgoblins
  2 quokkas (D:1)
  A ball python (D:3)
  10 frilled lizards
  2 kobolds
  7 rats
52 creatures vanquished.

Notes
Turn   | Place    | Note
-------+----------+-------------------------------------------
     0 | Abyss:1  | Lanoc the Draconian Abyssal Knight began the quest for the
                  | Orb.
     0 | Abyss:1  | Reached XP level 1. HP: 19/19 MP: 2/2
   102 | Abyss:1  | Noticed a small abomination
   106 | Abyss:1  | Noticed a small abomination
   133 | Abyss:1  | Noticed an iron imp
   135 | D:1      | Escaped the Abyss
   275 | D:1      | Reached XP level 2. HP: 26/26 MP: 3/3
   329 | D:1      | Found a faded altar of an unknown god.
   574 | D:1      | Reached * piety under Lugonu
   917 | D:1      | Reached XP level 3. HP: 31/31 MP: 5/5
  1603 | D:2      | Reached XP level 4. HP: 40/40 MP: 6/6
  1843 | D:3      | Reached skill level 1 in Shields
  1924 | D:3      | Found Vureano's Assorted Antiques.
  1924 | D:3      | Noticed Robin
  1959 | D:2      | Reached ** piety under Lugonu
  2214 | D:2      | Reached skill level 4 in Fighting
  3035 | D:3      | HP: 2/49 [wight/+1 spear of freezing (2)]
  3036 | D:3      | Slain by a wight

Illustrated notes

Levels and vault maps discovered:
D:1:      lemuel_arrival_rhombus, layout_loops_ring,
          chequers_ecumenical_altar_simple_redux, minmay_statues_item,
          hex_large, chequers_serial_rivers_micro_b, minmay_lizard_pond
D:2:      layout_basic, chequers_mini_garden, minmay_misc_feat_ornament
D:3:      layout_loops_ring, minitemple, serial_shops, shop, minmay_between,
          uniq_robin

Skill      XL: |  1  2  3  4 |
---------------+-------------+-----
Invocations    | 3 |  3.5
Shields        | 1 |  1.2
Fighting       | 4 |  4.0
Polearms       | |  2.8
Dodging        | |  2.7

Action                   |  1- 3 |  4- 6 || total
-------------------------+-------+-------++-------
Melee: Spear             |   128 |    67 ||   195
       Tailslap          |    12 |     6 ||    18
Invok: Depart the Abyss  |     1 |       ||     1
  Use: Potion            |       |     3 ||     3
 Stab: Sleeping          |     2 |       ||     2
       Distracted        |       |     1 ||     1
Armor: Skin              |    33 |    19 ||    52
Dodge: Dodged            |    49 |    28 ||    77
Block: Kite shield       |    30 |    25 ||    55

Table legend: (Time is in decaauts)
 A = Elapsed time spent in this place.
 B = Non-inter-level travel time spent in this place.
 C = Inter-level travel time spent in this place.
 D = Time resting spent in this place.
 E = Time spent auto-exploring this place.
 F = Levels seen in this place.
 G = Mean time per level.
                   A        B        C        D        E       F      G
               +--------+--------+--------+--------+--------+-----+--------+
         Total |   3096 |   2943 |    153 |    840 |   1616 |   4 |  774.0 |
       Dungeon |   2961 |   2808 |    153 |    840 |   1516 |   3 |  987.0 |
         Abyss |    135 |    135 |      0 |      0 |    100 |   1 |  135.0 |
               +--------+--------+--------+--------+--------+-----+--------+

Top non-repeatable levels by time:
     D:2: 1768 daAuts
     D:1: 960 daAuts
     D:3: 232 daAuts
 Abyss:1: 135 daAuts
